 Dungeon Crawl Stone Soup version 0.22-a0-136-g83a10e5 (webtiles) character file.

61259 pkoi the Fencer (level 14, -25/121 HPs)
             Began as a Minotaur Gladiator on Feb 3, 2018.
             Was the Champion of Zin.
             Annihilated by a white very ugly thing (49 damage)
             ... on level 2 of the Swamp.
             The game lasted 00:43:43 (22237 turns).

pkoi the Fencer (Minotaur Gladiator)               Turns: 22237, Time: 00:43:43

Health: -25/121    AC: 33    Str: 24    XL:     14   Next: 60%
Magic:  23/23      EV: 14    Int:  8    God:    Zin [******]
Gold:   1371       SH:  0    Dex: 17    Spells: 13/13 levels left

rFire    . . .     SeeInvis .   a - +2 great sword
rCold    . . .     Gourm    +   (shield currently unavailable)
rNeg     . . .     Faith    .   C - +8 chain mail of Spring {rPois Dex+5}
rPois    +         Spirit   .   e - +2 hat {Int+3}
rElec    .         Reflect  .   z - +0 cloak
rCorr    .         Harm     .   J - +1 pair of gloves
MR       +....                  i - +2 pair of boots
Stlth    ..........             v - amulet of the gourmand
HPRegen  0.30/turn              H - +3 ring of protection
MPRegen  0.18/turn              P - +2 ring of protection

@: no status effects
A: retaliatory headbutt, horns 2
a: Recite, Vitalisation, Imprison, Sanctuary, Donate Gold, Renounce Religion


You were on level 2 of the Swamp.
You worshipped Zin.
Zin was exalted by your worship.
You were very full.

You visited 3 branches of the dungeon, and saw 19 of its levels.
You also visited: Volcano.

You collected 1755 gold pieces.
You spent 216 gold pieces at shops.
You donated 168 gold pieces to Zin.

Inventory:

Hand Weapons
 a - a +2 great sword (weapon)
 b - a +0 hand crossbow of freezing
 F - a +2 scimitar of flaming
Missiles
 d - 4 throwing nets (quivered)
 y - 4 poisoned tomahawks
 I - 92 bolts
Armour
 e - a +2 hat of intelligence (worn)
 i - a +2 pair of boots (worn)
 z - a +0 cloak (worn)
 C - the +8 chain mail of Spring (worn) {rPois Dex+5}
   (You found it on level 10 of the Dungeon)

   It affects your dexterity (+5).
   It protects you from poison.
 J - a +1 pair of gloves (worn)
Jewellery
 o - an uncursed amulet of rage
 p - an uncursed ring of flight
 u - an uncursed ring of fire
 v - an amulet of the gourmand (around neck)
 H - a +3 ring of protection (left hand)
 M - an uncursed ring of see invisible
 O - an uncursed ring of stealth
 P - a +2 ring of protection (right hand)
 Q - an uncursed ring of ice
 R - an uncursed ring of poison resistance
Wands
 k - a wand of paralysis (9)
 s - a wand of flame (79)
 A - a wand of digging (6)
 E - a wand of enslavement (10)
 N - a wand of iceblast (6)
Scrolls
 h - 7 scrolls of remove curse
 m - 8 scrolls of teleportation
 n - 4 scrolls of blinking
 q - a scroll of vulnerability
 t - 5 scrolls of identify
 w - 6 scrolls of fog
 x - 6 scrolls of amnesia
 D - 4 scrolls of magic mapping
 K - 3 scrolls of fear
 L - 2 scrolls of enchant weapon
Potions
 c - a potion of heal wounds
 g - 2 potions of ambrosia
 j - 5 potions of might
 l - 3 potions of haste
 r - 2 potions of mutation
 B - 2 potions of agility
 G - 4 potions of curing
Comestibles
 f - 38 rations


   Skills:
 + Level 10.1 Fighting
 + Level 15.8 Long Blades
 + Level 9.0 Crossbows
 - Level 2.0 Throwing
 + Level 9.6 Armour
 + Level 9.6 Dodging
 + Level 13.9 Invocations
 + Level 6.1 Evocations


You had 13 spell levels left.
You didn't know any spells.

Dungeon Overview and Level Annotations

Branches:
Dungeon (11/15)            Temple (0/1) D:6            Lair (6/6) D:8
  Swamp (2/4) Lair:4       Spider (0/4) Lair:2        Slime (0/5) Lair:5
    Orc: D:9-12

Altars:
Ashenzari
Elyvilon
Gozag
Nemelex Xobeh
Vehumet
Zin
The Shining One
Jiyva

Shops:
D:4 ?   D:6 *

Annotations:
Lair:3 Cedruin's ghost, journeyman GrBe
Lair:5 1 runed door


Innate Abilities, Weirdness & Mutations

You reflexively headbutt those who attack you in melee.
You have a pair of horns on your head.


Message History

You closely miss the white very ugly thing.
You headbutt the white very ugly thing, but do no damage.
The white very ugly thing is lightly wounded.
The white very ugly thing punches you but does no damage.
You slice the white very ugly thing!!
The white very ugly thing is moderately wounded.
The white very ugly thing punches you.
The white very ugly thing freezes you!!!
* * * LOW HITPOINT WARNING * * *
Unknown command.
You slash the white very ugly thing!
Your headbutt misses the white very ugly thing.
The white very ugly thing is heavily wounded.
You closely miss the white very ugly thing.
You headbutt the white very ugly thing.
The white very ugly thing is heavily wounded.
The white very ugly thing punches you.
* * * LOW HITPOINT WARNING * * *
The white very ugly thing freezes you!!!
You die...

..≈♣.♣ .♣≈.♣♣ ♣≈≈..♣♣
.≈... ♣...♣ .≈≈♣♣
♣u..♣♣♣♣ ♣@≈≈♣≈≈♣ ..
♣..≈≈≈≈♣♣ ♣♣♣♣..
♣♣≈≈≈≈≈≈≈♣ .....
♣≈.≈≈≈≈≈≈♣ . #...♣♣♣
♣♣.♣≈≈≈≈≈♣ ..##...♣.♣♣♣
♣♣.♣≈≈≈♣≈ .....#...≈.♣♣
♣≈.♣≈♣.. ..#.....≈..≈♣
♣♣≈≈.♣.≈♣
......(.≈..♣♣♣♣≈§≈..♣♣♣


You could see a white very ugly thing.

Vanquished Creatures
  Rupert (Lair:3)
  A thorn hunter (Swamp:1)
  Gastronok (D:9)
  The ghost of Warden the Fighter, a journeyman MiFi of the Shining One (Lair:6)
  A red draconian (Volcano)
  Erolcha (D:10)
  A catoblepas (Lair:6)
  Erica (D:11)
  11 hydras
  An alligator (Swamp:1)
  A two-headed ogre (D:11)
  A deep troll shaman (Lair:6)
  4 death yaks
  A salamander mystic (Volcano)
  A swamp dragon (Swamp:1)
  An ugly thing (D:11)
  4 salamanders (Volcano)
  9 elephants (Lair:6)
  2 black mambas
  Joseph (D:9)
  2 molten gargoyles (Volcano)
  A torpor snail (Lair:6)
  Psyche (D:8)
  A gargoyle (D:10)
  5 spiny frogs
  5 rime drakes
  9 komodo dragons
  A troll (D:11)
  A polar bear (Lair:6)
  A tyrant leech (Swamp:1)
  8 blink frogs
  6 hippogriffs
  A meliai zombie (D:11)
  3 slime creatures (Swamp:1)
  8 bog bodies
  A shadow (Swamp:1)
  A wraith (D:11)
  2 spriggans
  2 wyverns
  A vampire (D:9)
  43 yaks
  A basilisk (Lair:1)
  7 fire bats (Volcano)
  2 hungry ghosts
  A steam dragon (Lair:5)
  A swamp worm (Swamp:2)
  3 wargs (D:8)
  4 insubstantial wisps (Swamp:1)
  2 hell hounds (Lair:3)
  12 water moccasins
  2 orc warriors
  7 porcupines
  3 swamp drakes
  2 ice beasts
  2 sky beasts
  3 black bears
  5 phantoms
  2 ogres
  A centaur (D:9)
  22 wolves
  8 crocodiles
  2 big kobolds
  17 bullfrogs
  A scorpion (D:11)
  2 troll zombies (Swamp:1)
  9 killer bees
  7 wights
  A troll skeleton (Swamp:1)
  2 electric eels (D:11)
  6 howler monkeys
  A crimson imp (D:5)
  5 lava snakes (Volcano)
  3 centaur skeletons
  2 hounds
  2 jellies
  5 orc priests
  7 orc wizards
  A bullfrog skeleton (D:5)
  Jessica (D:3)
  Ijyb (D:5)
  9 iguanas
  7 worker ants
  5 hell rats (Lair:5)
  A hound zombie (D:9)
  5 hound skeletons
  3 worker ant zombies
  15 adders
  2 howler monkey skeletons
  3 shadow imps
  An adder zombie (D:9)
  4 worms
  A dart slug (D:1)
  7 leopard geckos
  34 orcs
  11 bats
  4 giant cockroaches
  7 goblins
  9 hobgoblins
  2 jackals (D:1)
  2 quokkas
  6 frilled lizards
  A jackal skeleton (D:8)
  17 kobolds
  A leopard gecko skeleton (D:6)
  A leopard gecko zombie (D:5)
  A quokka skeleton (D:4)
  3 rats
475 creatures vanquished.

Vanquished Creatures (collateral kills)
  An orc (D:10)
1 creature vanquished.

Vanquished Creatures (others)
  A fungus (Lair:5)
  A plant (Lair:3)
2 creatures vanquished.

Grand Total: 478 creatures vanquished

Notes
Turn   | Place    | Note
-------+----------+-------------------------------------------
     0 | D:1      | pkoi the Minotaur Gladiator began the quest for the Orb.
     0 | D:1      | Reached XP level 1. HP: 18/18 MP: 0/0
    31 | D:1      | Reached skill level 4 in Long Blades
    33 | D:1      | Reached XP level 2. HP: 21/25 MP: 1/1
   364 | D:1      | Reached skill level 5 in Long Blades
   573 | D:1      | Reached XP level 3. HP: 30/30 MP: 2/2
  1012 | D:2      | Found an opulent altar of Gozag.
  1068 | D:2      | Reached XP level 4. HP: 37/37 MP: 3/3
  1070 | D:2      | Reached skill level 6 in Long Blades
  1472 | D:3      | Noticed Jessica
  1475 | D:3      | Killed Jessica
  1587 | D:3      | Reached skill level 7 in Long Blades
  1587 | D:3      | Reached XP level 5. HP: 40/42 MP: 4/4
  1693 | D:3      | Found a glowing silver altar of Zin.
  1696 | D:3      | Became a worshipper of Zin the Law-Giver
  1819 | D:3      | Reached * piety under Zin
  2017 | D:3      | Found a sparkling altar of Nemelex Xobeh.
  2397 | D:4      | Found Innosed's Magic Scroll Shop.
  2407 | D:4      | Bought a scroll of teleportation for 36 gold pieces
  2634 | D:4      | Found a radiant altar of Vehumet.
  2637 | D:4      | Reached skill level 1 in Invocations
  2646 | D:4      | Found a glowing golden altar of the Shining One.
  2745 | D:4      | Reached ** piety under Zin
  2811 | D:4      | Noticed an ogre
  2815 | D:4      | Killed an ogre
  2815 | D:4      | Reached skill level 8 in Long Blades
  2815 | D:4      | Reached XP level 6. HP: 41/50 MP: 6/6
  3380 | D:4      | You fall through a shaft!
  3380 | D:5      | Entered Level 5 of the Dungeon
  3380 | D:5      | Found a white marble altar of Elyvilon.
  3386 | D:5      | Reached XP level 7. HP: 53/56 MP: 8/8
  3411 | D:5      | Noticed Ijyb
  3420 | D:5      | Killed Ijyb
  3522 | D:5      | Reached skill level 9 in Long Blades
  3564 | D:5      | Noticed a hungry ghost
  3584 | D:5      | Killed a hungry ghost
  3687 | D:5      | Reached *** piety under Zin
  3785 | D:5      | Reached skill level 5 in Invocations
  4246 | D:6      | Reached XP level 8. HP: 62/62 MP: 10/10
  4841 | D:6      | Found a staircase to the Ecumenical Temple.
  4846 | D:6      | Noticed a hippogriff
  4853 | D:6      | Killed a hippogriff
  4853 | D:6      | Reached skill level 10 in Long Blades
  4877 | D:6      | Reached **** piety under Zin
  4894 | D:6      | Found Nadoggul's Assorted Antiques.
  5196 | D:6      | Bought a pair of runed gloves for 180 gold pieces
  5431 | D:6      | Reached skill level 13 in Long Blades
  5431 | D:6      | Reached XP level 9. HP: 68/68 MP: 11/16
  5906 | D:7      | Found a shattered altar of Ashenzari.
  6302 | D:8      | Reached XP level 10. HP: 69/74 MP: 17/17
  6360 | D:8      | Reached skill level 1 in Armour
  6368 | D:8      | Reached skill level 1 in Crossbows
  6473 | D:8      | Got an encrusted leather armour
  6475 | D:8      | Identified the cursed +1 leather armour "Seson" {Str+2} (You found it on level 8 of the Dungeon)
  6600 | D:8      | Reached ***** piety under Zin
  6633 | D:8      | Got a distressingly furry leather armour
  6635 | D:8      | Identified the +2 leather armour "Soyskef" {*Slow Int+4 Dex+4 Slay+4} (You found it on level 8 of the Dungeon)
  6702 | D:8      | Found a staircase to the Lair.
  6983 | D:8      | Noticed Psyche
  7613 | D:9      | Noticed Gastronok
  7972 | D:8      | Killed Psyche
  8464 | D:9      | Killed Gastronok
  8464 | D:9      | Reached XP level 11. HP: 44/85 MP: 19/19
  8595 | D:9      | Noticed Joseph
  8684 | D:10     | Entered Level 10 of the Dungeon
  9012 | D:10     | Reached skill level 5 in Dodging
  9353 | D:10     | Noticed Erolcha
  9359 | D:10     | Killed Erolcha
  9359 | D:10     | Reached skill level 5 in Fighting
  9514 | D:10     | Reached skill level 14 in Long Blades
  9900 | D:10     | Got a spiked chain mail
  9901 | D:10     | Identified the +8 chain mail of Spring {rPois Dex+5} (You found it on level 10 of the Dungeon)
 10521 | D:11     | Noticed a seven-headed hydra
 10607 | Lair:1   | Entered Level 1 of the Lair of Beasts
 10768 | Lair:1   | Noticed a five-headed hydra
 10775 | Lair:1   | Killed a five-headed hydra
 10775 | Lair:1   | Reached skill level 5 in Armour
 10798 | Lair:1   | Reached ****** piety under Zin
 10845 | Lair:1   | Noticed a seven-headed hydra
 10922 | Lair:1   | Killed a seven-headed hydra
 11383 | Lair:1   | Reached skill level 5 in Crossbows
 11509 | Lair:1   | Reached skill level 1 in Evocations
 11921 | Lair:2   | Got an ichor-stained scale mail
 11922 | Lair:2   | Identified the +0 scale mail of Olump {Slay+5} (You found it on level 2 of the Lair of Beasts)
 11967 | Lair:2   | Found a hole to the Spider Nest.
 11970 | Lair:2   | Reached XP level 12. HP: 92/97 MP: 20/20
 13008 | Lair:2   | Noticed a seven-headed hydra
 13010 | Lair:2   | Killed a seven-headed hydra
 13150 | Lair:3   | Found a dark tunnel.
 13156 | Volcano  | Entered a volcano
 13398 | Volcano  | Found a bloodstained altar of Trog.
 13416 | Volcano  | HP: 4/100 [salamander/halberd (5)]
 14026 | Volcano  | Noticed a red draconian
 14047 | Volcano  | Killed a red draconian
 14311 | Lair:3   | Noticed Rupert
 14328 | Lair:3   | Paralysed by Rupert for 4 turns
 14340 | Lair:3   | Killed Rupert
 14342 | Lair:3   | Noticed a six-headed hydra
 14357 | Lair:3   | Killed a ten-headed hydra
 14357 | Lair:3   | Reached XP level 13. HP: 62/107 MP: 21/21
 14656 | Lair:3   | Noticed Cedruin's ghost (journeyman GrBe)
 15287 | Lair:4   | Reached skill level 15 in Long Blades
 15699 | Lair:4   | Found a staircase to the Swamp.
 17199 | Lair:5   | Found a runed door.
 17205 | Lair:5   | Found a viscous altar of Jiyva.
 17400 | Lair:5   | Noticed an acid blob
 17401 | Lair:5   | Found a staircase to the Slime Pits.
 17482 | Lair:6   | Entered Level 6 of the Lair of Beasts
 18274 | Lair:6   | Noticed Warden's ghost (journeyman MiFi)
 18316 | Lair:6   | Killed Warden's ghost
 18316 | Lair:6   | Reached skill level 5 in Evocations
 18643 | Lair:6   | Reached XP level 14. HP: 85/118 MP: 23/23
 19840 | D:9      | Killed Joseph
 19898 | D:11     | Got a jade-encrusted scale mail
 19899 | D:11     | Identified the +0 scale mail of Zafreicw {+Fly rN+ rCorr} (You found it on level 11 of the Dungeon)
 20354 | D:11     | Noticed Erica
 20360 | D:11     | Killed Erica
 20665 | Swamp:1  | Entered Level 1 of the Swamp
 21315 | Swamp:1  | Reached skill level 10 in Fighting
 21487 | Swamp:1  | Noticed a thorn hunter
 21511 | Swamp:1  | Killed a thorn hunter
 22229 | Swamp:2  | Noticed a white very ugly thing
 22237 | Swamp:2  | Annihilated by a white very ugly thing

Vault maps used:
D:1:      dpeg_arrival_shrine
D:2:      nicolae_gozag_cash_rules_everything_around_me
D:3:      zin_statuary, nemelex_lonely_heart_becter, uniq_jessica
D:4:      grunt_temple_overflow_open, first_ration, serial_shops, shop_fountains
D:5:      elyvilon_altar_5, uniq_ijyb
D:6:      minmay_temple_entry_grid, serial_shops, nicolae_shop_waterfront
D:7:      lemuel_crystal_altar, the_bakery, corexii_corridor_pit, st_stairs_8,
          hangedman_decor_growths
D:8:      erik_lair_orcish_takeover, uniq_psyche
D:9:      uniq_gastronok, uniq_joseph
D:10:     uniq_erolcha
D:11:     kennysheep_big_empty_room, st_stairs_12, minmay_misc_feat_five,
          solitary_fountain, uniq_erica
Lair:1:   beast_lair_carwin_large_1, grunt_forest_large_clearing_hut
Lair:2:   dummy_spider_entry
Lair:3:   enter_volcano_3, serial_bayou_pond_c, serial_bayou_shore_b,
          grunt_megastairs_5, uniq_rupert
Lair:4:   swamp_mist_pool, eino_small_chamber_without_monster,
          serial_bayou_shore_b, lemuel_fruit_fields
Lair:5:   slime_altar_2, minmay_hedge_maze, minivault_26
Lair:6:   grunt_lair_end_beastmaster, lemuel_fruit_fields
Swamp:1:  evilmike_swamp_ruin_house_1, swamp_pool2, cheibrodos_swamp_minitomb
Swamp:2:  evilmike_swamp_ruin_rubble_2, swamp_pool2
Volcano:  volcano_grotto

Skill      XL: |  1  2  3  4  5  6  7  8  9 10 11 12 13 14 |
---------------+-------------------------------------------+-----
Long Blades    | 4 5 7 8 9 13 14 15 | 15.8
Invocations    | 2 3 5 11 12 13 | 13.9
Armour         | 3 5 7 8 9 |  9.6
Crossbows      | 3 5 6 8 9 |  9.0
Fighting       | 4 6 7 9 10 | 10.1
Dodging        | 4 6 7 8 9 |  9.6
Evocations     | 1 3 5 6 |  6.1
Throwing       | |  2.0

Action                   |  1- 3 |  4- 6 |  7- 9 | 10-12 | 13-15 || total
-------------------------+-------+-------+-------+-------+-------++-------
Melee: Long sword        |    54 |       |       |   227 |       ||   281
       Headbutt          |    11 |    21 |    45 |   185 |   228 ||   490
       Short sword       |     5 |   130 |   200 |    44 |       ||   379
       Scimitar          |       |       |       |   123 |     8 ||   131
       Great sword       |       |       |       |   206 |   613 ||   819
       Double sword      |       |       |       |     4 |       ||     4
 Fire: Hand crossbow     |       |       |     2 |     8 |     8 ||    18
Throw: Throwing net      |       |       |       |       |     1 ||     1
Invok: Recite            |       |       |     3 |    11 |     1 ||    15
Evoke: Wand              |       |       |       |     9 |    37 ||    46
  Use: Scroll            |       |     8 |       |    15 |     6 ||    29
       Potion            |       |     3 |     9 |     2 |     2 ||    16
 Stab: Paralysed         |       |       |       |     4 |       ||     4
       Invisible         |       |       |       |     1 |       ||     1
       Confused          |       |       |       |       |     2 ||     2
  Eat: Chunk             |     1 |     5 |    10 |    27 |    37 ||    80
       Ration            |       |       |     2 |     1 |     1 ||     4
Armor: Leather armour    |    12 |       |       |    40 |       ||    52
       Plate armour      |    24 |    76 |    89 |    38 |       ||   227
       Chain mail        |       |       |       |   266 |   461 ||   727
Dodge: Dodged            |    34 |    27 |    46 |   344 |   434 ||   885
       Rpst.: Long sword |    10 |       |       |    28 |       ||    38
       Scimitar          |       |       |       |    15 |       ||    15
       Great sword       |       |       |       |    32 |   104 ||   136

Table legend:
 A = Spawn XP
 B = Non-spawn XP
 C = Spawn XP percentage of total XP
 D = Spawn monster count
 E = Non-spawn monster count
 F = Spawn count percentage of total count
 G = Total turns spent on level
                    A         B        C        D         E        F      G
               +---------+---------+-------+---------+---------+-------+---------
         Total |       0 |   85291 |   0.0 |       0 |     476 |   0.0 | 22237
               +---------+---------+-------+---------+---------+-------+---------
           D:1 |       0 |      44 |   0.0 |       0 |      25 |   0.0 |   647
           D:2 |       0 |      71 |   0.0 |       0 |      16 |   0.0 |   816
           D:3 |       0 |     160 |   0.0 |       0 |      32 |   0.0 |   993
           D:4 |       0 |     435 |   0.0 |       0 |      14 |   0.0 |  1136
           D:5 |       0 |     714 |   0.0 |       0 |      12 |   0.0 |   883
           D:6 |       0 |     862 |   0.0 |       0 |      22 |   0.0 |  1028
           D:7 |       0 |    1014 |   0.0 |       0 |      19 |   0.0 |   790
           D:8 |       0 |    2661 |   0.0 |       0 |      37 |   0.0 |  1460
           D:9 |       0 |    3985 |   0.0 |       0 |      29 |   0.0 |  1194
          D:10 |       0 |    4473 |   0.0 |       0 |      26 |   0.0 |  1694
          D:11 |       0 |    5504 |   0.0 |       0 |      31 |   0.0 |   966
        Lair:1 |       0 |    4931 |   0.0 |       0 |      21 |   0.0 |  1382
        Lair:2 |       0 |    5422 |   0.0 |       0 |      22 |   0.0 |  1148
        Lair:3 |       0 |    6866 |   0.0 |       0 |      14 |   0.0 |   830
        Lair:4 |       0 |    4797 |   0.0 |       0 |      21 |   0.0 |   998
        Lair:5 |       0 |    6620 |   0.0 |       0 |      32 |   0.0 |  1620
        Lair:6 |       0 |   19930 |   0.0 |       0 |      53 |   0.0 |  2101
       Swamp:1 |       0 |    9249 |   0.0 |       0 |      26 |   0.0 |  1457
       Swamp:2 |       0 |     980 |   0.0 |       0 |       4 |   0.0 |   115
       Volcano |       0 |    6573 |   0.0 |       0 |      20 |   0.0 |   979
               +---------+---------+-------+---------+---------+-------+---------
